 Dungeon Crawl Stone Soup version 0.17.0-24-gcfadda4 (console) character file.

0 gw the Chucker (level 1, 0/16 HPs)
             Began as a Merfolk Hunter on Nov 17, 2015.
             Slain by a hobgoblin (3 damage)
             ... on level 1 of the Dungeon.
             The game lasted 00:00:04 (20 turns).

gw the Chucker (Merfolk Hunter)                       Turns: 20, Time: 00:00:04

Health: 0/16       AC:  3    Str: 12    XL:     1   Next: 10%
Magic:  1/1        EV: 12    Int: 10    God:
Gold:   0          SH:  0    Dex: 14    Spells: 0 memorised, 0 levels left

rFire  . . .     SeeInvis .     c - +0 short sword
rCold  . . .     Clarity  .     d - +0 leather armour
rNeg   . . .     SustAt   .     (no shield)
rPois  .         Gourm    .     (no helmet)
rElec  .         Spirit   .     (no cloak)
rCorr  .         Warding  .     (no gloves)
rMut   .         Stasis   .     (no boots)
MR     .....                    (no amulet)
Stlth  +.........               (no ring)
                                (no ring)

@: not resistant to hostile enchantments, very unstealthy
A: change form in water, swift swim
a: no special abilities


You were on level 1 of the Dungeon.
You were not hungry.

You visited 1 branch of the dungeon, and saw 1 of its levels.

Inventory:

Hand Weapons
 c - a +0 short sword (weapon)
Missiles
 a - 4 javelins (quivered)
 b - 2 throwing nets
Armour
 d - a +0 leather armour (worn)
Comestibles
 e - a bread ration


   Skills:
 + Level 2.2 Fighting
 * Level 4.0 Throwing
 + Level 2.6 Dodging
 - Level 1.1 Stealth


You couldn't memorise any spells.
You didn't know any spells.

Dungeon Overview and Level Annotations

Branches:
Dungeon (1/15)

Altars:


Message History

ATTACKING (1,0)
You closely miss the kobold. The kobold hits you with a short sword.
ATTACKING (1,0)
You barely miss the kobold. The kobold hits you with a short sword.
ATTACKING (1,0)
You hit the kobold but do no damage. The kobold hits you with a short sword.
ATTACKING (1,0)
You barely miss the kobold. The kobold hits you but does no damage.
ATTACKING (1,0)
You hit the kobold.
You kill the kobold!
ATTACKING (1,0)
You hit the hobgoblin.
The hobgoblin is lightly wounded.
The hobgoblin hits you.
ATTACKING (1,0)
You closely miss the hobgoblin.
The hobgoblin is lightly wounded.
The hobgoblin hits you.
You die...

###........#
.....}...}.## #
#...###...#.#
#...#<#.....#
#...#'#..##.#
##.}...}.# #
##.......# .#
#..####.##.##...
#.#...mg..)....(.
##..####$...##...
#. ###..# ..# .g#
..# g.# !.#


You could see a hobgoblin.

Table legend:
 A = Turns spent in this place as a percentage of turns spent in the entire game.
 B = Non-inter-level travel turns spent in this place as a percentage of non-inter-level travel turns spent in the entire game.
 C = Inter-level travel turns spent in this place as a percentage of turns spent in this place.
 D = Turns resting spent in this place as a percentage of non-inter-level travel turns spent in this place.
 E = Turns spent auto-exploring this place as a percentage of non-inter-level travel turns spent in this place.
 F = Non-inter-level travel turns spent in this place divided by the number of levels of this place that you've seen.
                   A       B       C       D       E      F
               +-------+-------+-------+-------+-------+----------------------
         Total | 100.0 | 100.0 |   0.0 |   0.0 |   1.1 |  92.0
       Dungeon | 100.0 | 100.0 |   0.0 |   0.0 |   1.1 |  92.0
               +-------+-------+-------+-------+-------+----------------------

Table legend:
 A = Kills in this place as a percentage of kills in entire the game.
 B = Kills by you in this place as a percentage of kills by you in the entire game.
 C = Kills by friends in this place as a percentage of kills by friends in the entire game.
 D = Other kills in this place as a percentage of other kills in the entire game.
 E = Experience gained in this place as a percentage of experience gained in the entire game.
 F = Experience gained in this place divided by the number of levels of this place that you have seen.
                   A       B       C       D       E      F
               +-------+-------+-------+-------+-------+----------------------
         Total | 100.0 | 100.0 |  -nan |  -nan | 100.0 |   1.0
       Dungeon | 100.0 | 100.0 |  -nan |  -nan | 100.0 |   1.0
               +-------+-------+-------+-------+-------+----------------------

Vanquished Creatures
  A kobold (D:1)
1 creature vanquished.

Notes
Turn   | Place    | Note
--------------------------------------------------------------
     0 | D:1      | gw the Merfolk Hunter began the quest for the Orb.
     0 | D:1      | Reached XP level 1. HP: 16/16 MP: 1/1
    20 | D:1      | Slain by a hobgoblin

Action                   || total
-------------------------++-------
Melee: Short sword       ||    10
Throw: Javelin           ||     2

Vault maps used:
D:1:      scummos_arrival_simple_fountains
